 Dungeon Crawl Stone Soup version 0.19.5 (webtiles) character file.

178 tof the Poker (level 5, -7/51 HPs)
             Began as a Minotaur Monk on Mar 1, 2017.
             Mangled by a gnoll
             ... wielding a +1 whip of electrocution
              (8 damage)
             ... on level 2 of the Dungeon on Mar 2, 2017.
             The game lasted 00:08:14 (1837 turns).

tof the Poker (Minotaur Monk)                       Turns: 1837, Time: 00:08:14

Health: -7/51      AC:  6    Str: 16    XL:     5   Next: 32%
Magic:  3/3        EV: 11    Int:  5    God:
Gold:   91         SH:  0    Dex: 15    Spells: 0 memorised, 4 levels left

rFire  . . .     SeeInvis .     a - +0 spear
rCold  . . .     Gourm    +     d - +0 scale mail
rNeg   . . .     Faith    .     (no shield)
rPois  .         Spirit   .     (helmet restricted)
rElec  .         Reflect  .     (no cloak)
rCorr  .         Harm     .     (no gloves)
MR     .....                    (no boots)
Stlth  ..........               h - amulet of the gourmand
                                q - -2 ring of intelligence (curse)
                                l - ring of loudness (curse)

@: no status effects
A: retaliatory headbutt, horns 2, agile 1, low mp 1, robust 1
a: no special abilities


You were on level 2 of the Dungeon.
You were very full.

You visited 1 branch of the dungeon, and saw 3 of its levels.

You collected 91 gold pieces.

Inventory:

Hand Weapons
 a - a +0 spear (weapon)
Armour
 b - a +0 robe
 d - a +0 scale mail (worn)
Jewellery
 h - an amulet of the gourmand (around neck)
 l - a cursed ring of loudness (left hand)
 p - an uncursed amulet of magic regeneration
 q - a cursed -2 ring of intelligence (right hand)
Scrolls
 e - 3 scrolls of identify
 k - a scroll of amnesia
Potions
 f - a potion of agility {unknown}
 g - 2 potions of brilliance
 i - a potion of mutation
 j - a potion of cure mutation {unknown}
 m - 2 potions of haste
 n - a potion of curing {unknown}
Comestibles
 c - a bread ration
 o - a beef jerky


   Skills:
 + Level 4.7 Fighting
 + Level 5.1 Polearms
 + Level 2.2 Armour
 + Level 4.1 Dodging
 + Level 2.0 Stealth


You had 4 spell levels left.
You didn't know any spells.

Dungeon Overview and Level Annotations

Branches:
Dungeon (3/15)

Altars:


Innate Abilities, Weirdness & Mutations

You reflexively headbutt those who attack you in melee.
You have a pair of horns on your head.
You are agile. (Dex +2)
Your magical capacity is low. (-10% MP)
You are robust. (+10% HP)


Message History

* * * LOW HITPOINT WARNING * * *
The gnoll completely misses you.
You barely miss the gnoll.
The gnoll is moderately wounded.
The gnoll hits you but does no damage.
It was a potion of mutation.
You feel extremely strange.
You feel less energetic.
You feel agile.
You feel robust. The gnoll barely misses you. The gnoll closely misses you.
There is a stone staircase leading up here.
The gnoll hits you with a whip of electrocution.
* * * LOW HITPOINT WARNING * * *
The gnoll closely misses you.
You climb upwards.
There is a stone staircase leading down here.
You hit the gnoll.
The gnoll is moderately wounded.
The gnoll hits you with a whip of electrocution.
* * * LOW HITPOINT WARNING * * *
You are electrocuted!
You die...

.........# ##..# #.#
#......
....##########..###.#
#######
..).'............##.#
....##########...##.#
........# ##..##.#
..##....# #..##.#
..##....# #..##.#
..''....# #.g##.#
..##....# #.@...#
..##....#### ##.####
..##.......# #.#
..#####....#####.#
..# #...........#####
..# #....<..........#
..# #...............#
..#
#...............####
.รท#
#..................#


You could see a gnoll.

Vanquished Creatures
  Jessica (D:2)
  Ijyb (D:2)
  2 gnolls (D:3)
  4 adders
  4 worms (D:2)
  2 dart slugs
  2 leopard geckos
  A ball python (D:2)
  3 bats
  2 giant cockroaches
  3 goblins
  10 hobgoblins
  4 jackals (D:2)
  8 kobolds
  6 frilled lizards
  5 rats
58 creatures vanquished.

Notes
Turn   | Place    | Note
-------+----------+-------------------------------------------
     0 | D:1      | tof the Minotaur Monk began the quest for the Orb.
     0 | D:1      | Reached XP level 1. HP: 19/19 MP: 0/0
    29 | D:1      | Reached XP level 2. HP: 12/27 MP: 1/1
   867 | D:2      | Reached skill level 4 in Polearms
   876 | D:2      | Reached XP level 3. HP: 25/33 MP: 2/2
  1081 | D:2      | Noticed Jessica
  1089 | D:2      | Killed Jessica
  1089 | D:2      | Reached skill level 1 in Armour
  1089 | D:2      | Reached XP level 4. HP: 31/41 MP: 3/3
  1459 | D:2      | Noticed Ijyb
  1468 | D:2      | Killed Ijyb
  1734 | D:3      | Reached XP level 5. HP: 47/47 MP: 4/4
  1735 | D:3      | Reached skill level 5 in Polearms
  1815 | D:3      | Gained mutation: Your magical capacity is low. (-10% MP) [potion of mutation]
  1815 | D:3      | Gained mutation: You are agile. (Dex +2) [potion of mutation]
  1815 | D:3      | Gained mutation: You are robust. (+10% HP) [potion of mutation]
  1837 | D:2      | HP: 1/51 [gnoll/whip of electrocution (6)]
  1837 | D:2      | Mangled by a gnoll

Skill      XL: |  1  2  3  4  5 |
---------------+----------------+-----
Fighting       | 4 |  4.7
Polearms       | 4 5 |  5.1
Armour         | 1 2 |  2.2
Dodging        | 4 |  4.1
Stealth        | 2 |  2.0

Action                   |  1- 3 |  4- 6 || total
-------------------------+-------+-------++-------
Melee: Spear             |    94 |    82 ||   176
       Headbutt          |    16 |    15 ||    31
  Use: Scroll            |       |     4 ||     4
       Potion            |       |     1 ||     1
 Stab: Sleeping          |     1 |       ||     1
  Eat: Chunk             |     7 |     8 ||    15
Armor: Scale mail        |    14 |    20 ||    34
Dodge: Dodged            |    31 |    41 ||    72
